Cogmind - Beta 12 @@@ ROGUE MODE // 2023.03.05 @ 06:25:33 Player: kawyua Result: Destroyed by H-66 Slayer with Gauss Rifle Performance ------------- Evolutions (5) 2500 Regions Visited (8) 1600 Robots Destroyed (30) 150 Value Destroyed (948) 948 Prototype IDs (3) 60 Alien Tech Used (0) 0 Bonus (500) 500 TOTAL SCORE: 5758 Bonus ------- Entered DSFs 500 Cogmind --------- Core Integrity 0/1000 Matter 221/300 Energy 95/100 System Corruption 3% Temperature Cool (0) Movement Core (100) Ox1 Location -5/Extension Parts ------- > --- POWER (1) -------- (None) > --- PROPULSION (6) --- (None) > --- UTILITY (8) ------ Enhanced Optical Array Advanced Signal Interpreter > --- WEAPON (2) ------- Thunder Hammer > --- INVENTORY (5) ---- Field Propulsion Drive Seismic Detector Stasis Canceller Propulsion Shielding Peak State ------------ > --- POWER ------------ Light Deuterium Engine > --- PROPULSION ------- Improved Gravmag System Gravmag Array Flight Unit VTOL Module Cesium-ion Thruster > --- UTILITY ---------- Medium Storage Unit Advanced Weight Redist. System Structural Scanner Enhanced Optical Array Advanced Sensor Array Advanced Signal Interpreter Phase Shifter System Guard > --- WEAPON ----------- Mini Grenade Launcher Thunder Hammer > --- INVENTORY -------- Light Fission Core Compact Battery Advanced Weight Redist. System Advanced Sensor Array Stasis Canceller ECM Suite Cloaking Device Propulsion Shielding Propulsion Shielding Mass Driver [Rating: 66] Favorites ----------- Power Ion Engine Engine Ion Engine Power Core Light Nuclear Core Propulsion Aluminum Leg Treads Light Treads Leg Aluminum Leg Hover Unit Gravmag Array Flight Unit Flight Unit Utility Signal Interpreter Device Structural Scanner Storage Large Storage Unit Processor Signal Interpreter Protection Hardened Light Armor Plating Weapon Small Laser Energy Gun Small Laser Ballistic Gun Assault Rifle Ballistic Cannon Improved Light Cannon Launcher Mini Grenade Launcher Special Weapon Mining Laser Impact Weapon Impact Mace Build | -11 -10 -9 -8 -7 -7 -6 -5 -5 ------- Run | Jun Mat Mat Mat Fac DSF Fac Fac Ext Slots Evolved 10 | . . 2 2 2 . 2 2 . Power . | . . . . . . . . . Propulsion 4 | . . 2 1 1 . . . . Utility 6 | . . . 1 1 . 2 2 . Weapon . | . . . . . . . . . Parts Attached 70 | 7 3 9 16 9 . 19 5 2 Power 6 | 1 . . 2 . . 3 . . Engine 3 | 1 . . . . . 2 . . Core 3 | . . . 2 . . 1 . . Reactor . | . . . . . . . . . Propulsion 25 | 4 . 4 7 4 . 4 2 . Treads 9 | 2 . 3 3 1 . . . . Leg 6 | 2 . 1 3 . . . . . Wheel . | . . . . . . . . . Hover 4 | . . . . . . 3 1 . Flight 6 | . . . 1 3 . 1 1 . Utility 21 | 1 1 2 3 3 . 8 2 1 Device 9 | . 1 . . 1 . 5 1 1 Storage 5 | 1 . 1 2 1 . . . . Processor 4 | . . 1 . . . 2 1 . Hackware . | . . . . . . . . . Protection 3 | . . . 1 1 . 1 . . Artifact . | . . . . . . . . . Weapon 18 | 1 2 3 4 2 . 4 1 1 Energy Gun 4 | 1 . 2 1 . . . . . Energy Cannon . | . . . . . . . . . Ballistic Gun 5 | . 1 1 2 1 . . . . Ballistic Cannon 1 | . . . 1 . . . . . Launcher 3 | . . . . 1 . 2 . . Special Weapon 1 | . 1 . . . . . . . Impact Weapon 4 | . . . . . . 2 1 1 Slashing Weapon . | . . . . . . . . . Piercing Weapon . | . . . . . . . . . Special Melee Weapon . | . . . . . . . . . Unidentified Prototypes 3 | . . . . 1 . 1 1 . Parts Lost 24 | . . . 9 . 2 . 1 12 Power 2 | . . . 1 . . . . 1 Propulsion 14 | . . . 7 . 1 . 1 5 Utility 6 | . . . . . 1 . . 5 Weapon 2 | . . . 1 . . . . 1 Highest Loss Streak 11 | . . . 3 . 2 . 1 11 To Critical Strikes . | . . . . . . . . . Average Slot Usage (%) 88 | . 98 100 88 77 57 82 88 62 Engine 5 | . 14 11 2 . . 6 5 3 Core 2 | . . . 4 7 3 . . . Treads 10 | . . 22 16 10 . . . . Leg 16 | . 28 22 20 6 . . . . Hover 2 | . . . . . . 11 11 7 Flight 4 | . . . . 13 19 17 16 10 Device 7 | . 12 5 . 5 7 17 21 11 Storage 9 | . 14 11 9 7 7 6 5 3 Processor 7 | . . 5 9 7 3 6 14 15 Protection 4 | . . . 7 7 7 4 . . Energy Gun 4 | . 13 9 2 . . . . . Ballistic Gun 8 | . 14 11 11 3 . . . . Ballistic Cannon 1 | . . . 4 2 . . . . Launcher 1 | . . . . 3 7 4 5 3 Impact Weapon 1 | . . . . . . 4 5 3 Naked Turns . | . . . . . . . . . Heaviest Build 38 | 11 14 29 38 38 20 25 22 22 Greatest Support 77 | 40 20 40 40 77 21 39 39 40 Greatest Overweight (x) 4 | 3 . 1 1 . . 1 1 4 Average Overweight (x) . | 1 . . . . . . . . Largest Inventory Capacity 25 | 8 8 15 25 15 10 10 10 10 Average Capacity 11 | 7 8 10 15 12 10 10 10 8 Most Carried 15 | 7 8 9 15 15 10 10 10 10 Average Carried 10 | 5 6 8 13 11 10 9 9 7 Final Capacity 15 | 8 8 15 15 10 10 10 10 5 Final Carried 15 | 5 8 9 15 10 10 10 10 4 Class Distribution -------------------- 46% | Mutant 36% | Scavenger-Mutant 11% | Scout 5% | Sprinter Dominant Class ---------------- Mutant | -10/Materials Mutant | -9/Materials Scavenger-Mutant | -8/Materials Scavenger-Mutant | -7/Factory Scavenger-Mutant | -7/DSF Sprinter | -6/Factory Scout | -5/Factory Scout | -5/Extension Resources | -11 -10 -9 -8 -7 -7 -6 -5 -5 ----------- Run | Jun Mat Mat Mat Fac DSF Fac Fac Ext Matter Collected 1158 | 237 68 99 528 . . . 80 146 Remotely . | . . . . . . . . . Salvage Created 1158 | . 42 177 713 . . . 80 146 Parts 56 | . 5 11 36 . . . 4 . Haulers Intercepted 1 | . . . 1 . . . . . Recyclers Shooed 3 | . . . 1 2 . . . . Parts Field Recycled . | . . . . . . . . . Retrieved Matter . | . . . . . . . . . Parts Self-Destructed . | . . . . . . . . . Prevented . | . . . . . . . . . Kills | -11 -10 -9 -8 -7 -7 -6 -5 -5 ------- Run | Jun Mat Mat Mat Fac DSF Fac Fac Ext Combat Hostiles Destroyed 28 | . 3 6 17 . . . 2 . Melee 1 | . . . . . . . 1 . Guns 23 | . 3 6 14 . . . . . Cannons 3 | . . . 3 . . . . . Classes Destroyed 7 | . 1 2 3 . . . . 1 Hauler 1 | . . . 1 . . . . . Recycler 1 | . . . . . . . . 1 Swarmer 11 | . 3 3 4 . . . 1 . Grunt 11 | . . 2 8 . . . 1 . Duelist 1 | . . . 1 . . . . . Sentry 4 | . . 1 3 . . . . . Hunter 1 | . . . 1 . . . . . Best Kill Streak 4 | . 3 4 3 . . . 2 1 Combat Bots Only 4 | . 3 4 3 . . . 2 . Max Kills in Single Turn 1 | . 1 1 1 . . . 1 1 Gunslinging . | . . . . . . . . . Exploded . | . . . . . . . . . Melee 1 | . . . . . . . 1 . Uniques/NPCs Destroyed . | . . . . . . . . . Combat | -11 -10 -9 -8 -7 -7 -6 -5 -5 -------- Run | Jun Mat Mat Mat Fac DSF Fac Fac Ext Damage Taken 3603 | . 47 273 1306 24 43 88 129 1693 Core 1204 | . 22 27 113 12 9 5 . 1016 Absorbed by Shields . | . . . . . . . . . Redirected to Shielding 8 | . . . . 1 . 7 . . Core Remaining (%) 93 | 100 91 93 79 . 97 99 . . Volleys Fired 97 | . 6 22 67 2 . . . . Largest 2 | . 2 2 2 1 . . . . Hottest 100 | . 100 60 88 25 . . . . Shots Fired 181 | . 11 35 133 2 . . . . Gun 168 | . 10 35 121 2 . . . . Cannon 12 | . . . 12 . . . . . Launcher . | . . . . . . . . . Special 1 | . 1 . . . . . . . Kinetic 120 | . 5 13 100 2 . . . . Thermal 61 | . 6 22 33 . . . . . Explosive . | . . . . . . . . . Electromagnetic . | . . . . . . . . . Robot Hit Streak 10 | . 3 10 9 1 . . . . Robot Miss Streak 4 | . 2 3 4 1 . . . . Penetration Max . | . . . . . . . . . Secondary Targets . | . . . . . . . . . Shots Hit Robots 122 | . 5 23 90 1 . . 2 1 Core Hits 49 | . 3 9 37 . . . . . Critical Kills . | . . . . . . . . . Critical Parts Destroyed 2 | . . . 1 . . . . 1 Critical Strikes 3 | . . . 2 . . . . 1 Burn 1 | . . . 1 . . . . . Destroy 1 | . . . 1 . . . . . Smash 1 | . . . . . . . . 1 Melee Attacks 21 | . . . . . . 7 5 9 Impact 21 | . . . . . . 7 5 9 Slashing . | . . . . . . . . . Piercing . | . . . . . . . . . Sneak Attacks 1 | . . . . . . . . 1 Combat Hostiles . | . . . . . . . . . Follow-up Attacks . | . . . . . . . . . Damage Inflicted 1925 | . 59 279 1312 17 . . 107 151 Guns 1496 | . 59 279 1141 17 . . . . Cannons 171 | . . . 171 . . . . . Explosions . | . . . . . . . . . Melee 258 | . . . . . . . 107 151 Ramming . | . . . . . . . . . Kinetic 1176 | . 25 127 1007 17 . . . . Thermal 491 | . 34 152 305 . . . . . Explosive . | . . . . . . . . . Electromagnetic . | . . . . . . . . . Impact 258 | . . . . . . . 107 151 Slashing . | . . . . . . . . . Piercing . | . . . . . . . . . Highest Corruption 3 | . . . . 1 1 . 2 3 Average Corruption 1 | . . . . 1 1 . 2 3 Corruption Purged . | . . . . . . . . . Corruption Blocked . | . . . . . . . . . Effects 2 | . . . . 1 . . . 1 Matter Fused 2 | . . . . 1 . . . 1 Overload Shots . | . . . . . . . . . Overflow Damage 183 | . . . . . . . 32 151 Projectiles . | . . . . . . . . . Explosions . | . . . . . . . . . Melee 183 | . . . . . . . 32 151 Knockbacks 2 | . . . . . . . 1 1 Impact 2 | . . . . . . . 1 1 Kinetic . | . . . . . . . . . Secondary . | . . . . . . . . . Self-Inflicted Damage . | . . . . . . . . . Shots . | . . . . . . . . . Rammed 1 | . . . 1 . . . . . Targets Rammed 1 | . . . 1 . . . . . Kicked . | . . . . . . . . . Crushed . | . . . . . . . . . Highest Temperature 592 | . 20 9 592 6 . . . 17 Average Temperature 116 | . 10 5 132 3 . . . 12 Received Heat Transfer 1065 | . . 72 621 6 . 12 9 345 Effects 4 | . . . 4 . . . . . Shutdowns 1 | . . . 1 . . . . . Short Circuit 1 | . . . 1 . . . . . Damage (minor) 1 | . . . 1 . . . . . Damage (major) 1 | . . . 1 . . . . . Siege Activations . | . . . . . . . . . Robots Corrupted . | . . . . . . . . . Combat Hostiles . | . . . . . . . . . Parts Fried 4 | . . . . . . . 1 3 Impact Corruptions 3 | . . . . . . . 2 1 Robots Melted . | . . . . . . . . . Combat Hostiles . | . . . . . . . . . Parts Melted 2 | . . . 2 . . . . . Heat Transferred 1207 | . 75 350 782 . . . . . Parts Sabotaged . | . . . . . . . . . Parts Stolen . | . . . . . . . . . Parts Stripped . | . . . . . . . . . Power Chain Reactions . | . . . . . . . . . Missiles Intercepted . | . . . . . . . . . Alert | -11 -10 -9 -8 -7 -7 -6 -5 -5 ------- Run | Jun Mat Mat Mat Fac DSF Fac Fac Ext Peak Influence 351 | . 146 180 250 20 14 351 143 139 Initial 81 | . . . . . 14 . 81 70 Average 88 | . 92 128 90 1 4 92 109 74 Maximum Alert Level 1 | . . . 1 . . 1 . . Low Security (%) 96 | 100 100 100 94 100 100 89 100 100 Level 1 3 | . . . 5 . . 10 . . Level 2 . | . . . . . . . . . Level 3 . | . . . . . . . . . Level 4 . | . . . . . . . . . Level 5 . | . . . . . . . . . High Security . | . . . . . . . . . Max Security . | . . . . . . . . . Squads Dispatched 6 | . . 1 1 . 1 2 . 1 Investigation 1 | . . . . . . . . 1 Extermination 1 | . . . . . . 1 . . Reinforcement 4 | . . 1 1 . 1 1 . . Assault . | . . . . . . . . . Garrison . | . . . . . . . . . Intercept . | . . . . . . . . . Searches Triggered . | . . . . . . . . . Construction Impeded . | . . . . . . . . . Haulers Reinforced . | . . . . . . . . . Active Scanning Responses . | . . . . . . . . . Cargo Convoy Interrupts . | . . . . . . . . . Stealth | -11 -10 -9 -8 -7 -7 -6 -5 -5 --------- Run | Jun Mat Mat Mat Fac DSF Fac Fac Ext Distress Signals 5 | . . . 2 . . 1 . 2 Communications Jammed . | . . . . . . . . . Distress Signals . | . . . . . . . . . Times Spotted 89 | . 6 8 30 2 2 19 4 18 Peak Tracking Total 15 | . 4 6 5 3 2 7 3 15 Tactical Retreats 11 | . 1 1 1 . . 4 1 3 Traps | -11 -10 -9 -8 -7 -7 -6 -5 -5 ------- Run | Jun Mat Mat Mat Fac DSF Fac Fac Ext Traps Triggered 6 | . . . . 1 1 1 2 1 Indirectly . | . . . . . . . . . Trap Hack Attempts . | . . . . . . . . . Triggered . | . . . . . . . . . Disarmed . | . . . . . . . . . Reprogrammed . | . . . . . . . . . Reused . | . . . . . . . . . Traps Extracted . | . . . . . . . . . Installed . | . . . . . . . . . Triggered . | . . . . . . . . . Machines | -11 -10 -9 -8 -7 -7 -6 -5 -5 ---------- Run | Jun Mat Mat Mat Fac DSF Fac Fac Ext Machines Disabled 3 | . 1 . . . . . . 2 Max in Single Turn 1 | . 1 . . . . . . 1 Machines Repaired . | . . . . . . . . . Machines Sabotaged . | . . . . . . . . . Overloaded Fab Kills . | . . . . . . . . . Hacking | -11 -10 -9 -8 -7 -7 -6 -5 -5 --------- Run | Jun Mat Mat Mat Fac DSF Fac Fac Ext Machines Accessed 5 | . 1 . . 1 . . 1 2 Terminals 4 | . 1 . . 1 . . . 2 Fabricators . | . . . . . . . . . Repair Stations . | . . . . . . . . . Recycling Units . | . . . . . . . . . Scanalyzers . | . . . . . . . . . Garrison Access 1 | . . . . . . . 1 . Total Hacks 11 | . 2 . . 2 . . 2 5 Successful 1 | . . . . 1 . . . . Failed 10 | . 2 . . 1 . . 2 5 Catastrophic 2 | . . . . . . . 1 1 Database Lockouts . | . . . . . . . . . Manual 2 | . 2 . . . . . . . Terminals 9 | . 2 . . 2 . . . 5 Fabricators . | . . . . . . . . . Repair Stations . | . . . . . . . . . Recycling Units . | . . . . . . . . . Scanalyzers . | . . . . . . . . . Garrison Access 2 | . . . . . . . 2 . Terminal Hacks 1 | . . . . 1 . . . . Open DSF 1 | . . . . 1 . . . . Fabricator Hacks . | . . . . . . . . . Repair Station Hacks . | . . . . . . . . . Recycling Unit Hacks . | . . . . . . . . . Scanalyzer . | . . . . . . . . . Garrison Access Hacks . | . . . . . . . . . Unauthorized Hacks . | . . . . . . . . . Terminals . | . . . . . . . . . Fabricators . | . . . . . . . . . Repair Stations . | . . . . . . . . . Recycling Units . | . . . . . . . . . Scanalyzers . | . . . . . . . . . Garrison Access . | . . . . . . . . . Data Cores Recovered . | . . . . . . . . . Used . | . . . . . . . . . Hacking Detections 5 | . 1 . . 1 . . 1 2 Full Trace Events 1 | . . . . . . . . 1 Feedback Events 1 | . . . . . . . . 1 Corruption 1 | . . . . . . . . 1 Feedback Blocked . | . . . . . . . . . Robot Schematics Acquired . | . . . . . . . . . Robots Built . | . . . . . . . . . Authchips . | . . . . . . . . . Time . | . . . . . . . . . Total Robot Build Rating . | . . . . . . . . . Part Schematics Acquired . | . . . . . . . . . Parts Built . | . . . . . . . . . Authchips . | . . . . . . . . . Time . | . . . . . . . . . Total Part Build Rating . | . . . . . . . . . Parts Repaired . | . . . . . . . . . Time . | . . . . . . . . . Parts Recycled . | . . . . . . . . . Recycled Matter . | . . . . . . . . . Retrieved Matter . | . . . . . . . . . Retrieved Components . | . . . . . . . . . Parts Scanalyzed . | . . . . . . . . . Part Schematics Acquired . | . . . . . . . . . Parts Damaged . | . . . . . . . . . Bothacking | -11 -10 -9 -8 -7 -7 -6 -5 -5 ------------ Run | Jun Mat Mat Mat Fac DSF Fac Fac Ext Used RIF Installer . | . . . . . . . . . Robots Hacked . | . . . . . . . . . Non-combat . | . . . . . . . . . Combat . | . . . . . . . . . Robot Hacks Applied . | . . . . . . . . . Relay Couplers Released . | . . . . . . . . . Fabnet Peak Effective % . | . . . . . . . . . Robots Rewired . | . . . . . . . . . Allies Hacked . | . . . . . . . . . Hacks Repelled . | . . . . . . . . . Allies | -11 -10 -9 -8 -7 -7 -6 -5 -5 -------- Run | Jun Mat Mat Mat Fac DSF Fac Fac Ext Total Allies 3 | . . . . . . . . 3 Largest Group 3 | . . . . . . . . 3 Highest-Rated Group 93 | . . . . . . . . 93 Highest-Rated Ally 31 | . . . . . . . . 31 Total Orders . | . . . . . . . . . Ally Attacks 8 | . . . . . . . . 8 Total Damage 169 | . . . . . . . . 169 Kills . | . . . . . . . . . Allies Corrupted . | . . . . . . . . . Allies Melted . | . . . . . . . . . Intel | -11 -10 -9 -8 -7 -7 -6 -5 -5 ------- Run | Jun Mat Mat Mat Fac DSF Fac Fac Ext Robot Analysis Total . | . . . . . . . . . Derelict Logs Recovered . | . . . . . . . . . Drone Launches . | . . . . . . . . . Drone Recoveries . | . . . . . . . . . Exploration | -11 -10 -9 -8 -7 -7 -6 -5 -5 ------------- Run | Jun Mat Mat Mat Fac DSF Fac Fac Ext Turns Passed 3176 | 74 467 433 1275 157 41 406 137 186 Spaces Moved 3314 | 44 363 251 605 253 103 1023 327 345 Core 130 | 34 . . . . . . . 96 Treads 424 | 8 . 19 361 36 . . . . Legs 841 | 2 363 232 244 . . . . . Wheels . | . . . . . . . . . Hover 41 | . . . . . . 10 24 7 Flight 1878 | . . . . 217 103 1013 303 242 Fastest Speed 30 | 50 120 120 120 34 34 32 30 30 Average Speed 77 | 132 120 142 158 51 35 33 33 38 Slowest Speed 250 | 200 120 190 240 160 37 112 120 250 Overloaded Moves . | . . . . . . . . . Propulsion Burnouts . | . . . . . . . . . Robots Hopped 9 | . . . . 1 . 3 . 5 Cave-ins Triggered . | . . . . . . . . . Exploration Rate (%) 34 | 3 40 19 54 9 87 28 13 55 Regions Visited 8 Branch Regions 1 Pre-discovered Areas . | . . . . . . . . . Known Exits Taken 5 | . . 1 1 1 . 1 1 . Unknown Exits Taken 2 | 1 1 . . . . . . . Scrap Searched . | . . . . . . . . . Spaces Dug 12 | . 1 . . . . 6 1 4 Terrain Destroyed 12 | . 1 . . . . 6 1 4 Melee 11 | . . . . . . 6 1 4 Projectile 1 | . 1 . . . . . . . AOE . | . . . . . . . . . Terrain Rammed . | . . . . . . . . . Walls Destroyed . | . . . . . . . . . Machines Disabled . | . . . . . . . . . Actions | -11 -10 -9 -8 -7 -7 -6 -5 -5 --------- Run | Jun Mat Mat Mat Fac DSF Fac Fac Ext Total 3713 | 57 381 294 799 276 107 1073 346 380 Wait 85 | . 5 . 73 . 2 . 1 4 Move 3288 | 43 362 250 604 250 102 1016 326 335 Hop 9 | . . . . 1 . 3 . 5 Pick Up 66 | 7 5 6 24 5 1 12 4 2 Fast Attach 17 | 3 . . 5 2 . 6 1 . Attach 29 | 2 2 2 9 1 . 8 3 2 Detach 6 | . . . 1 . . 3 1 1 Swap 24 | 2 1 7 2 6 . 5 1 . Drop 51 | . . 7 13 9 2 12 4 4 Fire 97 | . 6 22 67 2 . . . . Melee 21 | . . . . . . 7 5 9 Ram . | . . . . . . . . . Kick . | . . . . . . . . . Crush 1 | . . . 1 . . . . . Escape Stasis 19 | . . . . . . 1 . 18 Rewire . | . . . . . . . . . Trap . | . . . . . . . . . Miscellaneous . | . . . . . . . . . Route ------- -11/Junkyard -10/Materials -9/Materials -8/Materials -7/Factory (discovered 2 exits: *Low / DSF) -7/DSF -6/Factory (discovered 2 exits: *Fac / *Low) -5/Factory -5/Extension (discovered 2 exits: *Fac / *Cet) History --------- Turn | Location | Event 2 | -11/Junkyard | Met Revision 17 7 | -11/Junkyard | Discovered new exit (range 15) 75 | -11/Junkyard | Entered Materials 302 | -10/Materials | Build established: Mutant 313 | -10/Materials | Discovered new exit (range 7) 542 | -10/Materials | Entered another Materials area 542 | -9/Materials | Evolved 2 slots: Propulsion x2 763 | -9/Materials | Discovered new exit (range 11) 782 | -9/Materials | Identified exit to Materials 975 | -9/Materials | Entered another Materials area 975 | -8/Materials | Evolved 2 slots: Propulsion x1, Utility x1 1475 | -8/Materials | Lost 3 parts (3n) 1755 | -8/Materials | Build established: Scavenger-Mutant 2157 | -8/Materials | Discovered new exit (range 16) 2248 | -8/Materials | Identified exit to Factory 2250 | -8/Materials | Entered Factory 2250 | -7/Factory | Evolved 2 slots: Propulsion x1, Utility x1 2374 | -7/Factory | Discovered new exit (range 5) 2378 | -7/Factory | Identified exit to Lower Caves 2405 | -7/Factory | Identified exit to DSF 2407 | -7/Factory | Entered DSF 2433 | -7/DSF | Additional patrols routed to DSF 2443 | -7/DSF | Discovered new exit (range 16) 2448 | -7/DSF | Entered Factory 2448 | -6/Factory | Evolved 2 slots: Utility x2 2770 | -6/Factory | Discovered new exit (range 13) 2775 | -6/Factory | Identified exit to Lower Caves 2833 | -6/Factory | Discovered new exit (range 20) 2853 | -6/Factory | Identified exit to Factory 2854 | -6/Factory | Entered another Factory area 2854 | -5/Factory | Evolved 2 slots: Utility x2 2878 | -5/Factory | Spotted B-75 Beast 2980 | -5/Factory | Discovered new exit (range 15) 2985 | -5/Factory | Identified exit to Extension 2991 | -5/Factory | Entered Extension 3023 | -5/Extension | Rescued a captive Derelict 3044 | -5/Extension | Build established: Scout 3064 | -5/Extension | Rescued a captive Derelict 3066 | -5/Extension | Rescued a captive Derelict 3100 | -5/Extension | Spotted B-75 Beast 3106 | -5/Extension | Spotted B-75 Beast 3125 | -5/Extension | Core integrity fell below 50% 3135 | -5/Extension | Core integrity fell below 20% 3157 | -5/Extension | Discovered new exit (range 22) 3157 | -5/Extension | Discovered new exit (range 22) 3164 | -5/Extension | Lost 11 parts (1p5n4u1w) 3174 | -5/Extension | Identified exit to Factory 3176 | -5/Extension | Identified exit to Cetus 3177 | -5/Extension | Disrupted transfer network 3177 | -5/Extension | Destroyed by H-66 Slayer with Gauss Rifle Last Messages --------------- 03122_ Slug penetrates Machine. 03122_ Dropped Adv. Shield Generator. 03122_ Penetrated by Slug. 03122_ Dropped Propulsion Shielding. 03133_ System Guard destroyed. 03134_ Slug penetrates T-07 Excavator. 03134_ T-07 Excavator destroyed. 03135_ Acquired Seismic Detector. 03140_ Penetrated by Slug. 03149_ System corrupted: Matter fused (-10). 03150_ Penetrated by Slug. 03157_ EXIT=FOUND 03167_ Acquired Field Propulsion Drive. 03170_ Transfer Station disabled. 03171_ U-05 Engineer enters Transfer Station. 03174_ EXIT=IDENTIFIED: FACTORY 03176_ EXIT=IDENTIFIED: CETUS 03177_ ALERT: Transfer network disrupted, dispatching additional forces. 03177_ C-30 ARC bursts open, deploying its payload. 03177_ H-66 Slayer unfolds itself. Map ----- +----------------------------------------------------+ | ????????????????????????????? | | ????????????????????????????? | | ????????????????????????????? | | ????????????????????????????? | | ????????????????????????????? | | ????????????????????????????? | | ????????????????????????????? | | ?????????????????????? ?????? | | ?????????????????????? ?????? | | ?????????????????????? #????? | | ?????????????????????? #????? | | ?????????????????????? #????? | | ?????????????????????? #????? | | ?????????????????????# #????? | | ?????????????????????# #????? | | ?????????????????????# #????? | | ?????????????????????# #????? | | ?????????????????????# #????? | | ?????????????????????# #????? | | ?????????????????????#|#????? | | ?????????????????##### ####?? | | ?????????????????# "" "" #?? | | ################## " " ### | | = # | | ! >h# | | | @h!# | | ### | | ! ! # | | ################## !<|# | | ?????????????????# # | | ?????????????????###" #### | | ???????????????????#" "#??? | | ???????????????????#"""""#??? | | ???????????????????#######??? | | ????????????????????????????? | | ????????????????????????????? | | | | | | | | | | | | | | | | | | | | | | | | | | | | | +----------------------------------------------------+ Best States ------------- Heat Dissipation 40 Energy Generation 14 Energy Capacity 250 Matter Stores 300 Matter Capacity 300 Sight Range 22 Robot Scan Range 16 Terrain Scan Density 10 Additional Mass Support 9 Corruption Containment 8 Armor Coverage 150 Propulsion Shielding 33 Phase Shifting 5 Evasion (%) 68 Recoil Reduction 3 Item Schematics ----------------- None Robot Schematics ------------------ None Fabricated ------------ Nothing Alien Tech Used ----------------- None Achievements -------------- None Challenges ------------ None Game ------ Seed SigixSigixSpecial Manual? 0 Play Time 01:04:29 Cumulative 49.1 hours Start 2023.03.05 @ 05:22:35 End 2023.03.05 @ 06:25:33 Sessions 1 Manual Loads 0 Difficulty Rogue Special Mode None Game No. 10 Rogue 10 Adventurer 0 Explorer 0 Win Type - Total 3 Types 3/0/0/0/0/0/0/0/0 Lore% 13 Gallery% 33 Achievement% 33 Wizard Run 0 Options --------- ASCII 0 Keyboard 0 Movement Mouse Keybinds 0 Fullscreen 2 Font 16/SmallcapsGlow Map View 75x55 Tactical HUD 1 Map Filters NONE Filters NONE Steam 1 RUN: bafa4a4c-8120-426d-aea3-aefbff86807a